 Dungeon Crawl Stone Soup version 0.31-a0-765-g67fe2935dc (webtiles) character file.

Game seed: 1994160055913037465

4616 Abuh the Cleaver (level 10, -2/92 HPs)
             Began as a Hill Orc Fighter on July 18, 2023.
             Was a Follower of Beogh.
             Succumbed to a black mamba's poison
             ... on level 1 of the Lair of Beasts on Sept 16, 2023.
             The game lasted 00:31:05 (7715 turns).

Abuh the Cleaver (Hill Orc Fighter)                 Turns: 7715, Time: 00:31:05

Health: -2/92      AC: 15    Str: 24    XL:     10   Next: 42%
Magic:  10/10      EV:  7    Int:  8    God:    Beogh [*.....]
Gold:   622        SH:  6    Dex: 10    Spells: 9/9 levels left

rFire   . . .        a - +0 war axe (heavy)
rCold   . . .        c - +0 buckler
rNeg    . . .        A - +1 plate armour
rPois   .            (no helmet)
rElec   .            (no cloak)
rCorr   .            (no gloves)
SInv    .            (no boots)
Will    .....        (no amulet) Stlth
                     (no ring)
HPRegen 0.35/turn    (no ring)
MPRegen 0.12/turn

%: no passive effects
@: lethally poisoned (-2 -> -15)
A: no striking features
a: Renounce Religion


You were on level 1 of the Lair of Beasts.
You worshipped Beogh.
Beogh was aware of your devotion.
You visited 2 branches of the dungeon, and saw 9 of its levels.

You collected 622 gold pieces.

Inventory:

Hand Weapons
 a - a +0 heavy war axe (weapon)
 i - a +2 hand axe
 v - a +0 trident
 B - a +0 club
Missiles
 k - 2 throwing nets
Armour
 b - a +0 scale mail
 c - a +0 buckler (worn)
 A - a +1 plate armour (worn)
Jewellery
 m - a ring of wizardry
 o - the ring of Moaffaxe {Wiz Will+++ Int+5 Slay-3}
   (You found it on level 4 of the Dungeon)

   [ring of wizardry]

   Wiz:       It improves your spell success rate.
   Int+5:     It affects your intelligence (+5).
   Slay-3:    It affects your accuracy & damage with ranged weapons and melee
   (-3).
   Will+++:   It greatly increases your willpower.
Talismans
 s - a blade talisman
Wands
 p - a wand of paralysis (6)
 q - a wand of polymorph (7)
 w - a wand of roots (7)
Scrolls
 g - 5 scrolls of identify
 h - a scroll of immolation {unknown}
 j - a scroll of poison
 n - 2 scrolls of revelation
 u - a scroll of fear
 x - a scroll of teleportation
Potions
 d - a potion of might
 e - 2 potions of degeneration
 f - a potion of enlightenment
 l - a potion of lignification
 t - a potion of haste
 z - a potion of ambrosia
 C - a potion of curing


   Skills:
 + Level 9.7 Fighting
 + Level 10.2 Axes
 + Level 8.9 Armour
 + Level 8.8 Shields


You had 9 spell levels left.
You didn't know any spells.
Your spell library contained the following spells:

 Spells                   Type           Power      Damage    Failure   Level
 Apportation              Tloc           0%         N/A       99%         1
 Magic Dart               Conj           0%         1d3       99%         1
 Sandblast                Erth           0%         2d4       99%         1
 Call Imp                 Summ           0%         N/A       100%        2
 Ensorcelled Hibernation  Hex/Ice        0%         N/A       100%        2
 Passwall                 Tmut/Erth      0%         N/A       100%        2
 Mephitic Cloud           Conj/Pois/Air  0%         N/A       100%        3
 Stone Arrow              Conj/Erth      0%         3d7       100%        3
 Swiftness                Air            0%         N/A       100%        3
 Animate Armour           Summ/Erth      0%         N/A       100%        4
 Alistair's Intoxication  Tmut/Pois      0%         N/A       100%        5
 Dragon's Call            Summ           0%         N/A       100%        9


Dungeon Overview and Level Annotations

Branches:
Dungeon (8/15)             Temple (0/1) D:5            Lair (1/5) D:8

Altars:
Ashenzari
Fedhas
Gozag
Makhleb
Ru
Zin

Annotations:
D:7 3 runed translucent doors, exclusion: oklob plant, zx48k's ghost, novice GnFi


Message History

You slash the black mamba!
The black mamba is moderately wounded.
You feel very sick.
The black mamba bites you but does no damage.
The black mamba bites you. The black mamba barely misses you.
You closely miss the black mamba.
The black mamba is moderately wounded.
You feel very sick. The black mamba bites you. x2
You are more poisoned.
The black mamba poisons you!
You closely miss the black mamba.
The black mamba is moderately wounded.
You feel extremely sick. You block the black mamba's attack.
The black mamba bites you but does no damage. x2
You miss the black mamba.
The black mamba is lightly wounded.
You feel very sick. The black mamba completely misses you.
The black mamba bites you.
* * * LOW HITPOINT WARNING * * *
The black mamba bites you but does no damage.
You completely miss the black mamba.
The black mamba is lightly wounded.
You feel very sick. The black mamba bites you.
* * * LOW HITPOINT WARNING * * *
The black mamba bites you!
* * * LOW HITPOINT WARNING * * *
You are lethally poisoned!
The black mamba poisons you!
You miss the black mamba.
The black mamba is lightly wounded.
* * * LOW HITPOINT WARNING * * *
You feel extremely sick. You block the black mamba's attack.
The black mamba bites you but does no damage. x2
You hit the black mamba.
The black mamba is lightly wounded.
You die...

###### ########
.P##.###..##..###########
.................@S......
.........................
###.#.#..P##############.
.######...# ............
..........)..
..............
.............. .....


You could see a black mamba.

Vanquished Creatures
  A cyclops (D:7)
  A komodo dragon (D:8)
  2 wyverns (D:8)
  4 yaks (D:8)
  3 humans (D:6)
  2 basilisks (D:8)
  An acid dragon (D:8)
  A water moccasin (Lair:1)
  An orc warrior (D:7)
  A black bear (D:8)
  3 ice beasts
  2 sky beasts
  2 ogres
  3 centaurs
  2 kobold brigands
  A phantom (D:5)
  2 bullfrogs
  A gnoll sergeant (D:8)
  A scorpion (D:5)
  4 wights (D:7)
  A howler monkey (D:4)
  A hound (D:4)
  3 jellies (D:5)
  3 iguanas (D:5)
  2 orc wizards
  8 gnolls
  8 adders
  2 shadow imps
  A white imp (D:8)
  An ufetubus (D:6)
  5 worms
  3 dart slugs
  20 orcs
  3 endoplasms
  2 giant cockroaches
  7 goblins
  2 hobgoblins
  9 jackals
  4 quokkas
  6 ball pythons
  7 bats
  2 frilled lizards (D:3)
  13 kobolds
  3 rats
154 creatures vanquished.

Vanquished Creatures (others)
  An orc priest (D:7)
  6 orcs (D:7)
7 creatures vanquished.

Grand Total: 161 creatures vanquished

Notes
Turn   | Place    | Note
-------+----------+-------------------------------------------
     0 | D:1      | Abuh the Hill Orc Fighter began the quest for the Orb.
     0 | D:1      | Reached XP level 1. HP: 19/19 MP: 1/1
   306 | D:1      | Reached skill level 3 in Axes
   306 | D:1      | Reached XP level 2. HP: 22/27 MP: 2/2
   845 | D:2      | Reached XP level 3. HP: 33/33 MP: 3/3
   902 | D:2      | Found a sacrificial altar of Ru.
  1393 | D:3      | Reached XP level 4. HP: 40/40 MP: 4/4
  1527 | D:3      | Got Illeis's Grimoire of the Comitatus
  1750 | D:3      | Reached skill level 4 in Axes
  1952 | D:3      | Reached XP level 5. HP: 42/47 MP: 5/5
  2129 | D:4      | Noticed an ogre
  2136 | D:4      | Killed an ogre
  2137 | D:4      | Reached skill level 5 in Fighting
  2137 | D:4      | Reached XP level 6. HP: 26/56 MP: 6/6
  2729 | D:4      | Upgraded the game from 0.31-a0-325-g067879e3d3 to
                  | 0.31-a0-329-g52107efa6a
  2770 | D:4      | Identified the ring of Moaffaxe {Wiz Will+++ Int+5 Slay-3}
  2898 | D:5      | Entered Level 5 of the Dungeon
  3040 | D:5      | Found a staircase to the Ecumenical Temple.
  3058 | D:5      | Reached skill level 5 in Axes
  3124 | D:5      | Reached skill level 5 in Armour
  3124 | D:5      | Reached skill level 5 in Shields
  3124 | D:5      | Reached XP level 7. HP: 26/61 MP: 7/7
  3473 | D:5      | Reached skill level 6 in Axes
  3921 | D:6      | Reached XP level 8. HP: 55/71 MP: 8/8
  4279 | D:6      | Reached skill level 7 in Axes
  4492 | D:6      | Found a glowing silver altar of Zin.
  4962 | D:7      | Reached XP level 9. HP: 44/79 MP: 9/9
  4966 | D:7      | Became a worshipper of Beogh the Brigand
  4992 | D:7      | Reached skill level 8 in Axes
  5185 | D:7      | Noticed a cyclops
  5194 | D:7      | HP: 3/80 [centaur/arrow (9)]
  5195 | D:7      | Killed a cyclops
  5196 | D:7      | HP: 1/81 [centaur/arrow (10)]
  5551 | D:7      | Found a runed translucent gate.
  5551 | D:7      | Found a runed translucent gate.
  5551 | D:7      | Found a runed translucent gate.
  5554 | D:7      | Found an opulent altar of Gozag.
  5556 | D:7      | Noticed a red ugly thing
  5556 | D:7      | Noticed zx48k's ghost (novice GnFi)
  5896 | D:7      | Found a blossoming altar of Fedhas.
  5910 | D:7      | Noticed an oklob plant
  6102 | D:8      | Found a broken altar of Ashenzari.
  6119 | D:8      | Reached skill level 9 in Axes
  6208 | D:8      | Upgraded the game from 0.31-a0-329-g52107efa6a to
                  | 0.31-a0-516-gfcb59812bd
  6208 | D:8      | Upgraded the game from 0.31-a0-516-gfcb59812bd to
                  | 0.31-a0-523-g071a6c1ffa
  6302 | D:8      | Reached * piety under Beogh
  6527 | D:8      | Upgraded the game from 0.31-a0-523-g071a6c1ffa to
                  | 0.31-a0-765-g67fe2935dc
  6540 | D:8      | Identified the +6 dagger of Brawling {flame, Str+2}
  6608 | D:8      | Found a burning altar of Makhleb.
  6897 | D:8      | Reached XP level 10. HP: 80/91 MP: 10/10
  6980 | D:8      | Reached skill level 10 in Axes
  7157 | D:8      | Found a staircase to the Lair.
  7565 | Lair:1   | Entered Level 1 of the Lair of Beasts
  7703 | Lair:1   | Noticed a black mamba
  7714 | Lair:1   | HP: 3/92 [poisoned by a black mamba]
  7715 | Lair:1   | Succumbed to a black mamba's poison

Illustrated notes

Levels and vault maps discovered:
D:1:      dpeg_arrival_ternary, layout_loops_corners,
          chequers_serial_rivers_micro_e
D:2:      layout_rooms, basic_altar
D:3:      wad_crossroads, layout_rooms
D:4:      layout_basic
D:5:      kennysheep_six_static_rooms, layout_basic, minmay_temple_entry_arrows,
          minmay_misc_feat_hallway
D:6:      layout_rooms, lemuel_tele_altar, minmay_ruffians
D:7:      layout_rooms, tgw_fedhas, ebering_ghost_gozag
D:8:      layout_cave_pools, mainiacjoe_overflow_concentric_impassable,
          mainiacjoe_overflow_six_doors_small, erik_lair_dragon
Lair:1:   layout_long_grid, gammafunk_ghost_grave,
          chequers_serial_rivers_micro_e, grunt_megastairs_3

Skill      XL: |  1  2  3  4  5  6  7  8  9 10 |
---------------+-------------------------------+-----
Axes           | 3 4 5 6 7 9 10 | 10.2
Fighting       | 4 5 6 7 9 |  9.7
Armour         | 4 5 6 8 |  8.9
Shields        | 4 5 6 8 |  8.8

Action                     |  1- 3 |  4- 6 |  7- 9 | 10-12 || total
---------------------------+-------+-------+-------+-------++-------
  Melee: War axe           |    97 |   116 |   181 |    44 ||   438
 Invoke: Convert to Beogh  |       |       |     1 |       ||     1
    Use: Scroll            |     2 |     8 |       |     8 ||    18
         Potion            |       |       |     1 |     1 ||     2
 Armour: Scale mail        |    44 |    55 |    52 |       ||   151
         Plate armour      |       |       |    54 |    53 ||   107
  Dodge: Dodged            |    54 |    56 |    96 |    15 ||   221
  Block: Buckler           |    12 |    36 |    61 |    12 ||   121

Table legend: (Time is in decaauts)
 A = Elapsed time spent in this place.
 B = Non-inter-level travel time spent in this place.
 C = Inter-level travel time spent in this place.
 D = Time resting spent in this place.
 E = Time spent auto-exploring this place.
 F = Levels seen in this place.
 G = Mean time per level.
                   A        B        C        D        E       F      G
               +--------+--------+--------+--------+--------+-----+--------+
         Total |   7970 |   7718 |    252 |   1862 |   4171 |   9 |  885.6 |
       Dungeon |   7814 |   7562 |    252 |   1761 |   4151 |   8 |  976.8 |
          Lair |    156 |    156 |      0 |    101 |     20 |   1 |  156.0 |
               +--------+--------+--------+--------+--------+-----+--------+

Top non-repeatable levels by time:
     D:8: 1528 daAuts
     D:7: 1174 daAuts
     D:6: 1075 daAuts
     D:5: 1053 daAuts
     D:4: 918 daAuts
     D:1: 851 daAuts
     D:3: 709 daAuts
     D:2: 503 daAuts
  Lair:1: 156 daAuts
